 Dungeon Crawl Stone Soup version 0.27-a0-808-g60bc5d92e6 (webtiles) character file.

Game seed: 1707782684667440032

37 polve the Slasher (level 3, -4/29 HPs)
             Began as a Demonspawn Abyssal Knight on Mar 28, 2021.
             Was a Follower of Lugonu.
             Slain by a worm (9 damage)
             ... on level 2 of the Dungeon.
             The game lasted 00:01:12 (2219 turns).

polve the Slasher (Demonspawn Abyssal Knight)       Turns: 2219, Time: 00:01:13

Health: -4/29      AC:  6    Str: 12    XL:     3   Next: 21%
Magic:  4/4        EV:  8    Int: 14    God:    Lugonu [*.....]
Gold:   125        SH:  0    Dex: 12    Spells: 2/2 levels left

rFire    . . .     SeeInvis .   a - +1 falchion
rCold    . . .     Faith    .   (no shield)
rNeg     . . .     Spirit   .   d - +0 scale mail
rPois    .         Reflect  .   (helmet restricted)
rElec    .         Harm     .   (no cloak)
rCorr    .         Rampage  .   (no gloves)
Will     .....                  (no boots)
Stlth    ..........             (no amulet)
HPRegen  0.09/turn              (no ring)
MPRegen  0.09/turn              (no ring)

@: no status effects
A: antennae 1
a: Renounce Religion, Depart the Abyss


You were on level 2 of the Dungeon.
You worshipped Lugonu.
Lugonu was aware of your devotion.
You visited 1 branch of the dungeon, and saw 2 of its levels.
You visited the Abyss 1 time.

You collected 125 gold pieces.

Inventory:

Hand Weapons
 a - a +1 falchion (weapon)
Armour
 d - a +0 scale mail (worn)
Scrolls
 b - 2 scrolls of fog {unknown}
 c - a scroll of enchant weapon {unknown}
 f - a scroll of teleportation {unknown}
Potions
 e - a potion of invisibility {unknown}


   Skills:
 - Level 3.0 Fighting
 + Level 3.3 Long Blades
 - Level 1.7 Armour
 - Level 0.8 Dodging
 - Level 2.4 Invocations


You had 2 spell levels left.
You didn't know any spells.
Your spell library was empty.

Dungeon Overview and Level Annotations

Branches:
Dungeon (2/15)

Altars:

Shops:
D:2 [


Innate Abilities, Weirdness & Mutations

You have a pair of small antennae on your head.


Message History

No target in view!
No target in view!
No target in view!
No target in view!
No target in view!
No target in view!
Found a chain mail.
There is an entrance to Dyottoo's Antique Armour Shoppe here.
A worm comes into view.
A worm is nearby!
A worm is nearby!
A worm is nearby!
The worm bites you.
You hit the worm.
The worm is lightly wounded.
The worm bites you!
You are too injured to fight recklessly!
You are too injured to fight recklessly!
You are too injured to fight recklessly!
You are too injured to fight recklessly!
You are too injured to fight recklessly!
You are too injured to fight recklessly!
A worm is nearby!
A worm is nearby!
A worm is nearby!
You hit the worm.
The worm is moderately wounded.
You hit the worm but do no damage.
The worm is moderately wounded.
The worm bites you.
You barely miss the worm.
The worm is lightly wounded.
The worm bites you!
* * * LOW HITPOINT WARNING * * *
You barely miss the worm.
The worm is lightly wounded.
You hit the worm but do no damage.
The worm is lightly wounded.
The worm bites you!
You die...

#......###....
#..[.....#..##
#####......#.#....
#.................
#.####.###.#.#....
#.# #............
#.# #.###.#.∩....
#.# #.# #.#####..
#@# #.# #........
#w# #.# ###....#.
#.# #.# #....#. #.#
#.########... #.#
#.#...#######
###+####>...........
#.[........#.#######
#..........#.#
#..........#.#


You could see a worm.

Vanquished Creatures
  A worm (D:2)
  3 bats
  2 endoplasms (D:2)
  4 goblins
  4 hobgoblins
  2 jackals (D:1)
  3 kobolds
  3 quokkas (D:1)
  3 ball pythons
  4 frilled lizards
  A rat (D:1)
30 creatures vanquished.

Notes
Turn   | Place    | Note
-------+----------+-------------------------------------------
     0 | Abyss:1  | polve the Demonspawn Abyssal Knight began the quest for the
                  | Orb.
     0 | Abyss:1  | Reached XP level 1. HP: 18/18 MP: 2/2
    28 | Abyss:1  | Noticed a wizard
    70 | Abyss:2  | Noticed an ancient zyme
    70 | Abyss:2  | Found a corrupted altar of Lugonu.
    84 | Abyss:2  | Noticed a worldbinder
    87 | Abyss:2  | Noticed a shadow
    87 | Abyss:2  | Noticed a shadow
    87 | Abyss:2  | Noticed a shadow
    88 | D:1      | Escaped the Abyss
   450 | D:1      | Reached * piety under Lugonu
   749 | D:1      | Gained mutation: You have a pair of small antennae on your
                  | head. [demonic ancestry]
   749 | D:1      | Reached XP level 2. HP: 23/24 MP: 3/3
   860 | D:1      | You fall into a shaft and drop 1 floor!
  1420 | D:1      | Reached XP level 3. HP: 29/29 MP: 4/4
  2135 | D:2      | Found Dyottoo's Antique Armour Shoppe.
  2219 | D:2      | Slain by a worm

Illustrated notes

Levels and vault maps discovered:
D:1:      dpeg_arrival_round_c, layout_rooms
D:2:      layout_basic, serial_shops, shop

Skill      XL: |  1  2 |
---------------+-------+-----
Long Blades    | 2 3 |  3.3
Fighting       | |  3.0
Armour         | |  1.7
Dodging        | |  0.8
Invocations    | |  2.4

Action                   || total
-------------------------++-------
Melee: Falchion          ||   101
Invok: Depart the Abyss  ||     1
  Use: Scroll            ||     1
Armor: Leather armour    ||    11
       Scale mail        ||    26
Dodge: Dodged            ||    60
       Rpst.: Falchion   ||    23

Table legend: (Time is in decaauts)
 A = Elapsed time spent in this place.
 B = Non-inter-level travel time spent in this place.
 C = Inter-level travel time spent in this place.
 D = Time resting spent in this place.
 E = Time spent auto-exploring this place.
 F = Levels seen in this place.
 G = Mean time per level.
                   A        B        C        D        E       F      G
               +--------+--------+--------+--------+--------+-----+--------+
         Total |   2235 |   2214 |     21 |      0 |   1958 |   4 |  558.8 |
       Dungeon |   2147 |   2126 |     21 |      0 |   1896 |   2 | 1073.5 |
         Abyss |     88 |     88 |      0 |      0 |     62 |   2 |   44.0 |
               +--------+--------+--------+--------+--------+-----+--------+

Top non-repeatable levels by time:
     D:1: 1304 daAuts
     D:2: 842 daAuts
 Abyss:2: 53 daAuts
 Abyss:1: 34 daAuts
